 Dungeon Crawl Stone Soup version 0.29-a0-911-g88e6f02907 (webtiles) character file.

Game seed: 9691218219692858685

65 pokeman the Magician (level 3, -4/20 HPs)
             Began as a Deep Elf Hedge Wizard on July 25, 2022.
             Succumbed to a water moccasin's poison
             ... on level 3 of the Dungeon.
             The game lasted 00:05:51 (2799 turns).

pokeman the Magician (Deep Elf Hedge Wizard)        Turns: 2799, Time: 00:05:52

Health: -4/20      AC:  2    Str:  7    XL:     3   Next: 92%
Magic:  2/11       EV: 12    Int: 20    God:
Gold:   185        SH:  0    Dex: 14    Spells: 1/12 levels left

rFire   . . .      SeeInvis .   m - +0 war axe
rCold   . . .      Faith    .   (no shield)
rNeg    . . .      Spirit   .   b - +0 robe
rPois   .          Reflect  .   c - +0 hat
rElec   .          Harm     .   (no cloak)
rCorr   .          Rampage  .   (no gloves)
Will    .....                   (no boots)
Stlth   ++........              (no amulet)
HPRegen 0.06/turn               (no ring)
MPRegen 0.12/turn               (no ring)

@: lethally poisoned (-4 -> -30), on blink cooldown
A: no striking features
a: no special abilities


You were on level 3 of the Dungeon.
You visited 1 branch of the dungeon, and saw 3 of its levels.

You collected 185 gold pieces.

Inventory:

Hand Weapons
 m - a +0 war axe (weapon)
Armour
 b - a +0 robe (worn)
 c - a +0 hat (worn)
Scrolls
 f - 2 scrolls of teleportation {unknown}
 g - 3 scrolls of identify {unknown}
 j - 3 scrolls of enchant weapon {unknown}
 k - a scroll of acquirement {unknown}
Potions
 d - 2 potions of magic
 e - a potion of degeneration {unknown}
 h - a potion of brilliance {unknown}
 i - a potion of curing {unknown}
 l - a potion of mutation {unknown}


   Skills:
 - Level 1.0 Fighting
 - Level 1.0 Armour
 + Level 2.5 Dodging
 + Level 2.5 Stealth
 * Level 5.4 Spellcasting
 + Level 2.1 Conjurations
 - Level 1.1 Summonings
 - Level 1.1 Translocations


You had one spell level left.
You knew the following spells:

 Your Spells              Type           Power      Damage    Failure   Level
a - Magic Dart            Conj           52%        1d5       4%          1
b - Mephitic Cloud        Conj/Pois/Air  8%         N/A       26%         3
c - Call Imp              Summ           9%         N/A       11%         2
d - Blink                 Tloc           18%        N/A       11%         2
e - Conjure Flame         Conj/Fire      9%         6-21      22%         3

Your spell library contained the following spells:

 Spells                   Type           Power      Damage    Failure   Level
 Summon Small Mammal      Summ           36%        N/A       7%          1
 Sandblast                Erth           10%        2d5       11%         1
 Slow                     Hex            20%        N/A       11%         1
 Passwall                 Tmut/Erth      4%         N/A       17%         2
 Call Canine Familiar     Summ           9%         N/A       22%         3
 Dazzling Flash           Conj/Hex       18%        N/A       22%         3
 Stone Arrow              Conj/Erth      18%        3d8       22%         3
 Portal Projectile        Hex/Tloc       14%        N/A       26%         3
 Summon Guardian Golem    Hex/Summ       7%         N/A       26%         3
 Iskenderun's Mystic Bla  Conj/Tloc      11%        2d4       50%         4
 Leda's Liquefaction      Hex/Erth       2%         N/A       73%         4
 Starburst                Conj/Fire      4%         6d4       100%        6


Dungeon Overview and Level Annotations

Branches:
Dungeon (3/15)

Altars:
Qazlal
Sif Muna

Annotations:
D:3 Grinder


Message History

Casting: Call Imp (safe; 11% risk of failure)
Confirm with . or Enter, or press ? or * to list all spells.
Okay, then.
Unknown command.
Casting: Call Imp (safe; 11% risk of failure)
Confirm with . or Enter, or press ? or * to list all spells.
The spell is extremely dangerous to miscast (22% risk of failure)!
Continue anyway?
The fire begins to smoulder!
The water moccasin barely misses your crimson imp.
Your crimson imp blinks!
The water moccasin smothers the flame.
Casting: Conjure Flame (extremely dangerous; 22% risk of failure)
Confirm with . or Enter, or press ? or * to list all spells.
A beastly little devil appears in a puff of flame.
Your crimson imp disappears in a puff of smoke!
The water moccasin barely misses you.
Unknown command.
You hit the water moccasin. Your punch misses the water moccasin.
The water moccasin is moderately wounded.
The water moccasin barely misses you. The water moccasin bites you.
You are poisoned.
The water moccasin poisons you!
Your crimson imp barely misses the water moccasin.
Unknown command.
Casting: Call Imp (safe; 11% risk of failure)
Confirm with . or Enter, or press ? or * to list all spells.
You blink.
You feel very sick.
Unknown command.
The water moccasin attacks as you move away!
The water moccasin barely misses you.
You feel very sick.
You feel sick.
The water moccasin attacks as you move away!
The water moccasin barely misses you.
You feel sick. The water moccasin bites you.
* * * LOW HITPOINT WARNING * * *
You are more poisoned.
The water moccasin poisons you!
You die...

#.........# .#
#####.##### ##.#### #.#
#..... #.#
##########..# .# #.#
#.5.5.......# #.# #.#
#.########..# #.# #.#
#S# #..# #.# #.# #.#
#..# #.# #.#
##@########..# #.# #.#
#............####.#
#.###.#..##............
#.#...#...#.##.#.####.#
#...####.........# #..
###...#...#.##.#.# ###
###.#..##.##.#..
#..........#.# #
##......<....#


You could see a water moccasin (ally target) and a friendly crimson imp
(summoned).

Vanquished Creatures
  An adder (D:2)
  A worm (D:2)
  3 dart slugs
  5 endoplasms
  2 giant cockroaches (D:1)
  4 hobgoblins
  6 ball pythons
  5 bats
  3 frilled lizards
  6 goblins
  4 kobolds (D:1)
  4 rats
44 creatures vanquished.

Vanquished Creatures (collateral kills)
  An endoplasm (D:3)
1 creature vanquished.

Grand Total: 45 creatures vanquished

Notes
Turn   | Place    | Note
-------+----------+-------------------------------------------
     0 | D:1      | pokeman the Deep Elf Hedge Wizard began the quest for the
                  | Orb.
     0 | D:1      | Reached XP level 1. HP: 10/10 MP: 7/7
   253 | D:1      | Reached XP level 2. HP: 16/16 MP: 4/9
   847 | D:1      | Found a faded altar of an unknown god.
   866 | D:1      | Reached skill level 5 in Spellcasting
  1138 | D:1      | Reached XP level 3. HP: 20/20 MP: 5/11
  1142 | D:1      | Learned a level 3 spell: Mephitic Cloud
  1145 | D:1      | Learned a level 2 spell: Call Imp
  1148 | D:1      | Learned a level 2 spell: Blink
  1152 | D:1      | Learned a level 3 spell: Conjure Flame
  1185 | D:1      | Found a stormy altar of Qazlal.
  1848 | D:2      | Reached skill level 1 in Armour
  1934 | D:2      | Reached skill level 1 in Fighting
  2229 | D:3      | Found a shimmering blue altar of Sif Muna.
  2484 | D:3      | Noticed Grinder
  2492 | D:3      | Paralysed by Grinder for 4 turns
  2506 | D:3      | Paralysed by Grinder for 2 turns
  2782 | D:3      | Noticed a water moccasin
  2799 | D:3      | Succumbed to a water moccasin's poison

Illustrated notes

Levels and vault maps discovered:
D:1:      spicycebolla_arrival_transporter_tutorial, layout_basic,
          hellmonk_ecumenical_altar_zigzags, chequers_serial_rivers_micro_b,
          minmay_hexomino_r4
D:2:      layout_loops_cross
D:3:      layout_loops_ring, lemuel_doored_altar, fedhas_altar_1,
          due_unseen_surprise, uniq_grinder

Skill      XL: |  1  2  3 |
---------------+----------+-----
Spellcasting   | 5 |  5.4
Armour         | 1 |  1.0
Fighting       | 1 |  1.0
Conjurations   | 2 |  2.1
Dodging        | |  2.5
Stealth        | |  2.5
Summonings     | |  1.1
Translocations | |  1.1

Action                   || total
-------------------------++-------
Melee: Dagger            ||     6
       War axe           ||     3
 Cast: Magic Dart        ||   123
       Call Imp          ||     6
       Conjure Flame     ||     1
       Blink             ||     1
 Stab: Sleeping          ||     1
Armor: Robe              ||     6
Dodge: Dodged            ||    30

Table legend: (Time is in decaauts)
 A = Elapsed time spent in this place.
 B = Non-inter-level travel time spent in this place.
 C = Inter-level travel time spent in this place.
 D = Time resting spent in this place.
 E = Time spent auto-exploring this place.
 F = Levels seen in this place.
 G = Mean time per level.
                   A        B        C        D        E       F      G
               +--------+--------+--------+--------+--------+-----+--------+
         Total |   2802 |   2709 |     93 |      5 |   2361 |   3 |  934.0 |
       Dungeon |   2802 |   2709 |     93 |      5 |   2361 |   3 |  934.0 |
               +--------+--------+--------+--------+--------+-----+--------+

Top non-repeatable levels by time:
     D:1: 1341 daAuts
     D:2: 867 daAuts
     D:3: 593 daAuts
